AoeStats
← eyupfc

Arabia

508292179Analyzed
3v3 RM · 10d ago on Sep 21, 2026· 29m 5s· 6 players
Game mode
Random Map
Map size
Normal (6 player)
Population
200
Speed
Normal
Resources
Standard
Victory
Conquest
Starting age
Dark Age
Ending age
Imperial Age
RankedLock teamsTeams togetherTeam positionsShared explorationLock speedFull tech treeHidden civsTurbo modeCheats
Victory
Defeat
🇦🇷 Britons · Argentina
1301
+11
🇦🇷 Berbers · Argentina
1210
+14
🇦🇷 Maya · Argentina
1194
+15
🇹🇷 Berbers · Türkiye
1196
-14
🇹🇷 Ethiopians · Türkiye
1175
-13
🇹🇷 Maya · Türkiye
1163
-13
eyupfc
0:26 Loom
9:54 Feudal Age
11:52 Double-Bit Axe
15:59 Fletching
21:25 Wheelbarrow
22:30 Padded Archer Armor
25:32 Castle Age
23:48 Horse Collar
24:04 Gold Mining
25:46 Crossbowman
26:29 Bodkin Arrow
29:25 Ballistics
29:29 Leather Archer Armor
29:26 Bow Saw
isik.cemil
8:03 Loom
10:48 Feudal Age
14:33 Padded Archer Armor
25:14 Double-Bit Axe
29:52 Castle Age
KingMoonborn
7:14 Loom
9:58 Feudal Age
10:58 Double-Bit Axe
11:50 Horse Collar
19:41 Forging
24:33 Castle Age
22:59 Scale Barding Armor
23:37 Gold Mining
24:02 Bloodlines
25:48 Chain Barding Armor
26:18 Husbandry
Msape
6:54 Loom
9:06 Feudal Age
10:32 Double-Bit Axe
14:14 Forging
17:58 Scale Barding Armor
23:36 Castle Age
23:29 Gold Mining
24:02 Bloodlines
23:54 Fletching
24:55 Husbandry
24:49 Horse Collar
27:05 Wheelbarrow
27:55 Town Watch
Luisma Industrial
7:00 Loom
9:08 Feudal Age
9:16 Man-at-Arms
10:04 Double-Bit Axe
12:02 Horse Collar
15:44 Town Watch
17:06 Wheelbarrow
17:09 Fletching
18:26 Padded Archer Armor
23:41 Castle Age
23:43 Crossbowman
24:19 Bodkin Arrow
24:56 Hand Cart
27:37 Town Patrol
28:15 Ballistics
Maderaporfavor
0:26 Loom
9:51 Feudal Age
10:22 Double-Bit Axe
13:55 Fletching
15:22 Padded Archer Armor
23:12 Wheelbarrow
24:06 Horse Collar
27:28 Castle Age
25:52 Gold Mining
27:33 Crossbowman
28:18 Thumb Ring
Connection lost

Rejoining the realm…

Still unreachable

The connection could not be restored.

Session expired

The server has moved on; the page needs a fresh start.